 Dungeon Crawl Stone Soup version 0.26.0-5-gb5863c6483 (webtiles) character file.

Game seed: 17717029553963145874

63 Mattiprrivan the Sneak (level 4, 0/27 HPs)
             Began as an Octopode Earth Elementalist on Jan 10, 2021.
             Was an Initiate of Nemelex Xobeh.
             Slain by an orc wizard
             ... wielding a +0 dagger
              (2 damage)
             ... on level 3 of the Dungeon.
             The game lasted 00:22:19 (2526 turns).

Mattiprrivan the Sneak (OpEE)                       Turns: 2526, Time: 00:22:20

Health: 0/27       AC:  1    Str:  7 (8)  XL:     4   Next: 9%
Magic:  0/7        EV: 13    Int: 14 (17) God:    Nemelex Xobeh [......]
Gold:   113        SH:  0    Dex: 11 (12) Spells: 3/7 levels left

rFire    . . .     SeeInvis .   a - +0 whip
rCold    . . .     Faith    .   (no shield)
rNeg     . . .     Spirit   .   (helmet restricted)
rPois    .         Reflect  .   (no amulet)
rElec    .         Harm     .   (no ring)
rCorr    .         Rampage  .   (no ring)
Will     .....                  (no ring)
Stlth    +++.......             (no ring)
HPRegen  0.09/turn              (no ring)
MPRegen  0.10/turn              (no ring)
                                (no ring)
                                (no ring)

@: no status effects
A: almost no armour, stealthy swim, amphibious, 8 rings, constrict 8, camouflage
1, gelatinous body 1
a: Renounce Religion, Draw Escape, Draw Destruction, Draw Summoning


You were on level 3 of the Dungeon.
You worshipped Nemelex Xobeh.
Nemelex Xobeh was noncommittal.
You visited 1 branch of the dungeon, and saw 3 of its levels.

You collected 113 gold pieces.

Inventory:

Hand Weapons
 a - a +0 whip (weapon)
Missiles
 b - 24 stones
Scrolls
 d - 2 scrolls of identify


   Skills:
 * Level 0.1 Fighting
 * Level 1.1 Maces & Flails
 * Level 2.3 Dodging
 * Level 4.2 Stealth
 * Level 0.3 Unarmed Combat
 * Level 2.1 Spellcasting
 * Level 0.1 Conjurations
 * Level 1.2 Transmutations
 * Level 3.3 Earth Magic


You had 3 spell levels left.
You knew the following spells:

 Your Spells              Type           Power        Failure   Level
a - Sandblast             Erth           20%          6%          1
b - Stone Arrow           Conj/Erth      12%          34%         3

Your spell library contained the following spells:

 Spells                   Type           Power        Failure   Level
 Passwall                 Tmut/Erth      5%           14%         2
 Petrify                  Tmut/Erth      7%           65%         4
 Lee's Rapid Deconstruct  Erth           5%           86%         5


Dungeon Overview and Level Annotations

Branches:
Dungeon (3/15)

Altars:
Hepliaklqana
Nemelex Xobeh
Ru


Innate Abilities, Weirdness & Mutations

You cannot wear most types of armour.
You are very stealthy in the water. (Stealth+)
You are amphibious.
You can wear up to eight rings at the same time.
You can use your tentacles to constrict eight enemies at once.
Your skin changes colour to match your surroundings (Stealth+).
Your rubbery body absorbs attacks. (AC +1, EV +1)


Message History

Press: ? - help, Shift-Dir - straight line, f/p - orc
Aim: an orc, wielding a +0 short sword and wearing a +0 chain mail (severely wounded, 15% to evade)
The blast of sand hits the orc!
You kill the orc!
Something hits you.
* * * LOW HITPOINT WARNING * * *
Casting: Sandblast (safe; 6% risk of failure)
Confirm with . or Enter, or press ? or * to list all spells.
Aiming: Sandblast (safe; 6% risk of failure)
Press: ? - help, Shift-Dir - straight line, f - orc
Aim: an orc, wielding a +0 mace (21% to evade)
The blast of sand hits the orc.
The orc is almost dead.
You aren't carrying any potions.
Okay, then.
You closely miss something. Something hits you but does no damage.
The orc closely misses you.
You barely miss something. Something hits you.
You die...
Your body disappears without a glow.

#.#######
#...oo@.#
#.####)## #.#
####'##
#.....#
#.....#
#.....#
#.....#####
+...........#


You could see 2 orcs.

Vanquished Creatures
  2 adders (D:2)
  2 worms (D:2)
  A leopard gecko (D:2)
  An orc (D:3)
  A giant cockroach (D:2)
  2 goblins (D:1)
  7 hobgoblins
  4 jackals (D:2)
  4 kobolds (D:1)
  A quokka (D:2)
  2 bats
  2 frilled lizards (D:1)
  6 rats
35 creatures vanquished.

Notes
Turn   | Place    | Note
-------+----------+-------------------------------------------
     0 | D:1      | Mattiprrivan the Octopode Earth Elementalist began the
                  | quest for the Orb.
     0 | D:1      | Reached XP level 1. HP: 11/11 MP: 3/3
   463 | D:1      | Reached skill level 3 in Stealth
   569 | D:1      | Reached XP level 2. HP: 17/17 MP: 5/5
  1124 | D:1      | Reached skill level 4 in Stealth
  1563 | D:2      | Found a sparkling altar of Nemelex Xobeh.
  1571 | D:2      | Became a worshipper of Nemelex Xobeh the Trickster
  1586 | D:2      | Found a hazy altar of Hepliaklqana.
  1637 | D:2      | Reached XP level 3. HP: 8/21 MP: 0/6
  1949 | D:2      | Reached skill level 1 in Maces & Flails
  2129 | D:2      | Found a sacrificial altar of Ru.
  2165 | D:2      | Reached XP level 4. HP: 21/27 MP: 3/7
  2169 | D:2      | Learned a level 3 spell: Stone Arrow
  2526 | D:3      | Slain by an orc wizard

Illustrated notes

Levels and vault maps discovered:
D:1:      saegor_arrival_simple_a, layout_loops_ring
D:2:      layout_loops_ring, nicolae_overflow_hidden_temple, lemuel_round_altar
D:3:      layout_basic, uniq_purgy

Skill      XL: |  1  2  3 |
---------------+----------+-----
Stealth        | 3 4 |  4.2
Maces & Flails | 1 |  1.1
Fighting       | |  0.1
Dodging        | |  2.3
Unarmed Combat | |  0.3
Spellcasting   | |  2.1
Conjurations   | |  0.1
Transmutations | |  1.2
Earth Magic    | |  3.3

Action                   |  1- 3 |  4- 6 || total
-------------------------+-------+-------++-------
Melee: Whip              |    75 |    27 ||   102
       Constrict         |    19 |     1 ||    20
       Tentacles         |     9 |       ||     9
 Cast: Sandblast         |    19 |    11 ||    30
  Use: Potion            |     6 |     3 ||     9
       Scroll            |     6 |     1 ||     7
 Stab: Sleeping          |     7 |       ||     7
Armor: Skin              |     2 |    60 ||    62
Dodge: Dodged            |    58 |    10 ||    68
